Map: [EWC] Crimson Court

Players

Oliveira - Winner!

  • Race: Terran Terran
  • Spawn Location: 7:00

Maru

  • Race: Terran Terran
  • Spawn Location: 1:00

Event: Esports World Cup 2024

VOD

Have the link to the VOD?

Description

Time

  • Played on: Aug. 16, 2024, 11:44 a.m.
  • Length: 9:02

All games in this series

Show
View Real Time Build Order
Export as new Build Order

Oliveira Terran - Winner!

Build Orders: Cyclone Opening 

Get SALT Encoding   

  12  0:00  SCV  
  13  0:12  SCV  
  14  0:16  Supply Depot  
  14  0:25  SCV  
  15  0:38  SCV, Barracks  
  16  0:45  Refinery  
  16  0:50  SCV  
  16  0:56  Refinery  
  17  1:02  SCV  
  18  1:14  SCV  
  19  1:26  Orbital Command, Reaper  
  19  1:31  Supply Depot  
  20  1:43  Factory  
  20  1:52  SCV  
  21  1:58  Reaper  
  22  2:04  SCV  
  23  2:15  Command Center  
  23  2:17  SCV  
  24  2:27  Hellion  
  24  2:29  SCV  
  27  2:31  Reaper  
  27  2:35  Supply Depot  
  28  2:41  SCV  
  29  2:46  Starport  
  29  2:52  Cyclone  
  29  2:56  SCV  
  32  3:08  SCV, Barracks Reactor  
  33  3:15  Refinery  
  33  3:20  SCV  
  33  3:21  Viking  
  33  3:24  Cyclone  
  38  3:30  Orbital Command  
  38  3:33  SCV  
  39  3:45  SCV, Marine  
  39  3:46  Marine  
  42  3:53  Starport Tech Lab  
  42  3:56  SCV  
  42  3:57  SCV, Factory Tech Lab  
  42  3:59  Supply Depot  
  44  4:03  Marine x2  
  44  4:08  SCV  
  47  4:10  SCV  
  47  4:12  Raven, Interference Matrix  
  47  4:14  Refinery  
  50  4:19  Siege Tank  
  51  4:28  SCV  
  49  4:32  SCV  
  49  4:34  Marine  
  51  4:40  SCV  
  51  4:41  Supply Depot  
  51  4:44  SCV  
  53  4:46  Raven  
  53  4:52  SCV  
  56  4:55  Siege Tank  
  56  4:56  SCV  
  59  5:04  SCV, Starport  
  60  5:08  SCV  
  60  5:12  Supply Depot  
  63  5:16  SCV  
  63  5:19  Supply Depot  
  63  5:20  SCV  
  63  5:27  Siege Tank  
  66  5:31  SCV  
  66  5:32  SCV  
  66  5:34  Viking x2  
  72  5:41  Viking  
  74  5:45  SCV  
  74  5:46  Supply Depot, SCV  
  76  5:57  SCV  
  76  5:58  SCV  
  76  5:59  Siege Tank  
  81  6:04  Viking x2  
  81  6:09  Supply Depot  
  85  6:17  Viking  
  87  6:31  Supply Depot  
  87  6:32  Command Center  
  87  6:34  Siege Tank  
  87  6:35  Viking  
  87  6:37  Viking  
  94  6:41  SCV x2  
  96  6:54  Viking  
  98  6:58  SCV  
  99  7:06  SCV  
  96  7:25  Liberator  
  96  7:26  Liberator  
  89  7:41  Siege Tank, Marine  
  85  7:50  Viking  
  83  7:53  SCV  
  74  8:03  Orbital Command  
  72  8:07  Unknown, SCV x2  
  72  8:08  Viking x2  
  75  8:20  Viking  
  77  8:34  SCV  
Show
View Real Time Build Order
Export as new Build Order

Maru Terran 

Build Orders:  

Get SALT Encoding   

  12  0:00  SCV  
  13  0:12  SCV  
  14  0:17  Supply Depot  
  14  0:24  SCV  
  15  0:38  SCV  
  15  0:40  Barracks  
  16  0:43  Refinery  
  16  0:50  SCV  
  16  0:55  Refinery  
  17  1:02  SCV  
  18  1:14  SCV  
  19  1:26  Orbital Command, Reaper  
  19  1:29  Supply Depot  
  20  1:41  Factory  
  20  1:52  SCV  
  21  1:58  Reaper  
  22  2:04  SCV  
  23  2:16  SCV, Command Center  
  24  2:25  Hellion  
  24  2:28  SCV  
  27  2:34  Starport  
  27  2:39  Barracks Reactor  
  27  2:40  SCV  
  27  2:43  Supply Depot  
  28  2:47  Widow Mine  
  30  2:58  SCV  
  31  3:09  Cyclone  
  31  3:10  SCV  
  31  3:11  Medivac  
  36  3:16  Marine x2  
  38  3:22  SCV  
  39  3:28  Orbital Command  
  39  3:34  SCV, Marine x2  
  39  3:37  Refinery  
  42  3:42  Cyclone  
  42  3:44  Starport Tech Lab  
  42  3:46  SCV  
  45  3:51  Supply Depot  
  45  3:54  SCV  
  46  3:56  Marine x2  
  46  3:58  SCV  
  49  4:03  Raven  
  49  4:06  SCV  
  49  4:09  Interference Matrix  
  52  4:13  SCV  
  52  4:14  Marine x2  
  55  4:18  SCV  
  56  4:25  SCV  
  56  4:29  Factory Tech Lab  
  56  4:30  SCV  
  54  4:36  Command Center  
  56  4:40  Raven  
  56  4:41  SCV  
  59  4:46  SCV  
  59  4:47  Supply Depot  
  59  4:50  Siege Tank  
  59  4:51  Marine  
  62  4:59  SCV  
  62  5:05  Supply Depot  
  62  5:08  SCV  
  62  5:11  SCV  
  62  5:13  Supply Depot  
  66  5:20  SCV  
  65  5:22  Siege Tank  
  65  5:23  SCV  
  67  5:29  Viking  
  67  5:30  Viking  
  67  5:32  SCV, Marine  
  73  5:36  SCV  
  73  5:37  Barracks  
  73  5:38  Barracks, Stimpack  
  73  5:41  Refinery  
  74  5:44  SCV  
  74  5:48  Orbital Command, SCV  
  76  5:56  Siege Tank  
  79  5:59  Viking  
  79  6:01  Viking  
  79  6:02  SCV  
  84  6:05  SCV  
  84  6:09  Orbital Command  
  84  6:14  Engineering Bay x2  
  84  6:17  SCV  
  85  6:23  SCV  
  85  6:27  Barracks Reactor x2  
  85  6:29  SCV, Viking  
  85  6:30  Viking  
  90  6:35  Supply Depot  
  90  6:37  Siege Tank  
  90  6:39  Barracks Tech Lab, Marauder  
  95  6:59  Marauder  
  95  7:00  Supply Depot, Marine, Missile Turret  
  98  7:02  Missile Turret  
  98  7:06  Terran Infantry Weapons Level 1  
  98  7:07  Marine x2  
  98  7:13  Siege Tank  
  99  7:18  Marine  
  99  7:20  Marine  
  88  7:25  Marine x2  
  85  7:36  Marine  
  60  7:38  Marauder, Medivac  
  60  7:43  Marine x2  
  57  7:54  Marine  
  58  8:04  Marine  
  61  8:12  Marauder  
  60  8:14  SCV  
  59  8:23  Medivac  
  59  8:26  SCV  
  59  8:47  SCV  
Tags
 
Add a new tag
Caveats
  • Supply blocks, unpowered buildings, or Contaminate may cause inaccurate times.
  • Supply counts are checked every 10 seconds.